 Dungeon Crawl Stone Soup version 0.28-a0-751-gef3a642a4e (webtiles) character file.

Game seed: 16655697085890559781

6 lawman0 the Magician (level 2, 20/22 HPs)
             Began as a Djinni Summoner on Oct 31, 2021.
             Was a Plaything of Xom.
             Quit the game on level 1 of the Dungeon.
             The game lasted 00:00:40 (554 turns).

lawman0 the Magician (Djinni Summoner)               Turns: 554, Time: 00:00:41

Health: 20/22      AC:  2    Str:  7    XL:     2   Next: 0%
Gold:   0          EV: 12    Int: 16    God:    Xom [..*...] SH:  0 Dex: 13

rFire   + + .      SeeInvis .   c - +0 dagger
rCold   x . .      Faith    .   (no shield)
rNeg    . . .      Spirit   .   a - +0 robe
rPois   ∞          Reflect  .   (no helmet)
rElec   .          Harm     .   (no cloak)
rCorr   .          Rampage  .   (no gloves)
Will    .....                   (boots unavailable)
Stlth   ++........              (no amulet)
HPRegen 0.07/turn               (no ring)
MPRegen 0.00/turn               (no ring)

@: flying
A: sickness immunity, fire resistance 2, cold vulnerability 1, float, innate
caster, hp casting, extra vitality 1
a: Renounce Religion


You were on level 1 of the Dungeon.
You worshipped Xom.
You were a toy of Xom.
You visited 1 branch of the dungeon, and saw 1 of its levels.

Inventory:

Hand Weapons
 c - a +0 dagger (weapon)
Armour
 a - a +0 robe (worn)
Scrolls
 b - a scroll of fog {unknown}
 d - a scroll of immolation


   Skills:
 * Level 0.4 Fighting
 + Level 2.3 Dodging
 + Level 1.5 Stealth
 * Level 3.4 Spellcasting


You couldn't memorise any spells.
You knew the following spells:

 Your Spells              Type           Power      Damage    Failure   Level
a - Summon Small Mammal   Summ           52%        N/A       4%          1
b - Call Imp              Summ           13%        N/A       7%          2
c - Call Canine Familiar  Summ           13%        N/A       13%         3
d - Summon Guardian Gole  Hex/Summ       13%        N/A       13%         3
e - Summon Lightning Spi  Summ/Air       13%        N/A       41%         4
Your spell library was empty.

Dungeon Overview and Level Annotations

Branches:
Dungeon (1/15)

Altars:
Xom


Innate Abilities, Weirdness & Mutations

You are immune to sickness and miasma.
You are immune to poison.
Your flesh is very heat resistant. (rF++)
You are vulnerable to cold. (rC-)
You float through the air rather than walking.
You learn spells naturally, not from books.
Your magical power is your life essence.
You have superior vitality. (+4 HP)


Message History

You start waiting.
Done waiting.
Found a scroll of immolation.
Found a faded altar of an unknown god.
A frilled lizard comes into view.
A frilled lizard is nearby!
Found 15 poisoned darts.
The frilled lizard hisses angrily.
Casting: Summon Small Mammal (safe; 4% risk of failure)
Confirm with . or Enter, or press ? or * to list all spells.
Unknown command.
Your quokka closely misses the frilled lizard.
The frilled lizard bites your quokka.
Your quokka bites the frilled lizard.
The frilled lizard dies!
An endoplasm comes into view.
Found 14 gold pieces.
There is a faded altar of an unknown god here.
You see here a scroll of immolation.
d - a scroll of immolation You hit the endoplasm but do no damage.
Your quokka bites the endoplasm.
The endoplasm hits you.
Your quokka bites the endoplasm.
You hit the endoplasm.
The endoplasm is severely wounded.
Your quokka bites the endoplasm.
The endoplasm dies!
You have reached level 2!
You swap places.
There is a faded altar of an unknown god here.
Unknown command.
Press < or > to pray at altars.
You swap places.
There is a faded altar of an unknown god here.
You cannot tell which god this altar belongs to.
Convert to them anyway? [Y]es or [N]o only, please.
You cannot tell which god this altar belongs to.
Convert to them anyway?
Xom accepts your prayer! Xom welcomes you!
Xom is fascinated!
Are you sure you want to abandon this character and quit the game? (Confirm with "yes".)

#. .. ........#
#.. ...........#
... .#........ ##.
..# ......#.. ....
#.. ......# .....
#..##.....#......
#..#..#.##..#.(..
+....@r..#.....
#..#......#.#
##$.#....#..#
#...#......#
#.#.##..#...#
#.#....#....#
............######
#
####.##.........#
#............#


You could see a friendly quokka (summoned).

Vanquished Creatures (collateral kills)
  2 endoplasms (D:1)
  A giant cockroach (D:1)
  A goblin (D:1)
  A frilled lizard (D:1)
5 creatures vanquished.

Notes
Turn   | Place    | Note
-------+----------+-------------------------------------------
     0 | D:1      | lawman0 the Djinni Summoner began the quest for the Orb.
     0 | D:1      | Reached XP level 1. HP: 15/15 MP: 0/0
   530 | D:1      | Found a faded altar of an unknown god.
   550 | D:1      | Reached XP level 2. HP: 20/22 MP: 0/0
   553 | D:1      | Prayed at the altar of an unknown god.
   553 | D:1      | Became a worshipper of Xom the Random Number God
   554 | D:1      | Quit the game

Illustrated notes

Levels and vault maps discovered:
D:1:      saegor_arrival_fortress, layout_rooms, serial_rivers,
          chequers_serial_rivers_micro_c, chequers_serial_rivers_micro_b,
          chequers_serial_rivers_large_b, chequers_serial_rivers_small_b,
          hellmonk_ecumenical_altar_blasted

Action                   || total
-------------------------++-------
Melee: Unarmed           ||     3
       Dagger            ||     2
 Cast: Summon Small Mamm ||     6
Armor: Robe              ||     2
Dodge: Dodged            ||     3

Table legend: (Time is in decaauts)
 A = Elapsed time spent in this place.
 B = Non-inter-level travel time spent in this place.
 C = Inter-level travel time spent in this place.
 D = Time resting spent in this place.
 E = Time spent auto-exploring this place.
 F = Levels seen in this place.
 G = Mean time per level.
                   A        B        C        D        E       F      G
               +--------+--------+--------+--------+--------+-----+--------+
         Total |    553 |    553 |      0 |    337 |    141 |   1 |  553.0 |
       Dungeon |    553 |    553 |      0 |    337 |    141 |   1 |  553.0 |
               +--------+--------+--------+--------+--------+-----+--------+

Top non-repeatable levels by time:
     D:1: 553 daAuts
